 Dungeon Crawl Stone Soup version 0.22-a0-406-g9ff8d77 (webtiles) character file.

740 Borgoz the Skirmisher (level 7, -7/44 HPs)
             Began as a Gargoyle Abyssal Knight on May 8, 2018.
             Was a Priest of Lugonu.
             Mangled by a wyvern zombie (8 damage)
             ... on level 6 of the Dungeon.
             The game lasted 00:08:28 (4354 turns).

Borgoz the Skirmisher (Gargoyle Abyssal Knight)     Turns: 4354, Time: 00:08:28

Health: -7/44      AC: 15    Str: 16    XL:     7   Next: 75%
Magic:  10/10      EV: 12    Int: 12    God:    Lugonu [***...]
Gold:   227        SH:  0    Dex: 11    Spells: 6/6 levels left

rFire    . . .     SeeInvis .   a - +1 hand axe
rCold    . . .     Gourm    .   (no shield)
rNeg     + . .     Faith    +   o - +1 leather armour
rPois    ∞         Spirit   .   m - +2 hat
rElec    +         Reflect  .   (no cloak)
rCorr    .         Harm     .   (no gloves)
MR       .....                  (no boots)
Stlth    ++........             i - amulet of faith
HPRegen  0.14/turn              p - +4 ring of protection
MPRegen  0.12/turn              q - ring of stealth

@: no status effects
A: negative energy resistance 1, electricity resistance, unbreathing,
petrification resistance, rot immunity, AC +4
a: Depart the Abyss, Bend Space, Banish, Renounce Religion


You were on level 6 of the Dungeon.
You worshipped Lugonu.
Lugonu was most pleased with you.
You were hungry.

You visited 1 branch of the dungeon, and saw 7 of its levels.
You visited the Abyss 1 time.

You collected 227 gold pieces.

Inventory:

Hand Weapons
 a - a +1 hand axe (weapon)
 b - a +0 whip of distortion
Armour
 m - a +2 hat (worn)
 o - a +1 leather armour (worn)
Jewellery
 i - an amulet of faith (around neck)
 p - a +4 ring of protection (left hand)
 q - a ring of stealth (right hand)
 B - an uncursed amulet of regeneration
Wands
 d - a wand of paralysis (29)
Scrolls
 f - a scroll of enchant weapon {unknown}
 h - 3 scrolls of magic mapping {unknown}
 j - 5 scrolls of remove curse
 l - a scroll of fog {unknown}
 n - a scroll of fear {unknown}
 r - a scroll of blinking {unknown}
 v - 4 scrolls of teleportation
Potions
 e - 3 potions of flight {unknown}
 g - 2 potions of resistance
 k - 2 potions of haste {unknown}
 s - 2 potions of lignification {unknown}
 t - a potion of brilliance {unknown}
 w - a potion of might {unknown}
 A - a potion of agility {unknown}
 C - a potion of invisibility {unknown}
Comestibles
 c - 10 rations
 x - 3 chunks of flesh


   Skills:
 + Level 4.9 Fighting
 * Level 4.7 Axes
 + Level 4.3 Armour
 + Level 2.6 Dodging
 + Level 4.1 Invocations


You had 6 spell levels left.
You didn't know any spells.

Dungeon Overview and Level Annotations

Branches:
Dungeon (7/15)
 Temple: D:4-7

Altars:
Ashenzari
Gozag
Nemelex Xobeh
Okawaru
Trog
Uskayaw
Yredelemnul
The Shining One

Annotations:
D:4 KlownO's ghost, amateur GrEE


Innate Abilities, Weirdness & Mutations

You are resistant to torment.
Your stone body is resilient. (AC +4)
You are immune to poison.
You resist negative energy. (rN+)
You are resistant to electric shocks. (rElec)
You can survive without breathing.
You are immune to petrification.
You are immune to rotting.


Message History

* * * LOW HITPOINT WARNING * * *
You hit the wyvern zombie.
The wyvern zombie is almost destroyed.
The wyvern zombie bites you.
* * * LOW HITPOINT WARNING * * *
You feel better. The wyvern zombie bites you.
* * * LOW HITPOINT WARNING * * *
You feel better.
The wyvern zombie bites you but does no damage.
The wyvern zombie bites you.
* * * LOW HITPOINT WARNING * * *
You hit the wyvern zombie but do no damage.
The wyvern zombie is almost destroyed.
The wyvern zombie bites you but does no damage.
You barely miss the wyvern zombie.
The wyvern zombie is almost destroyed.
The wyvern zombie bites you!
* * * LOW HITPOINT WARNING * * *
The wyvern zombie bites you!
You die...

##.# #.####.(.##.# #.#
#..# #...##...##.# #.#
#.##### ###.........# #.#
####..[..# ##.........#
#.#
#..(...<.######..........#
#.###
#>#####......(........##.#
#.... #.#
#.#######...#...##.# ####.
#.# #..........##..###.#
#. #.# #.########@##..#
#.# #. #.#####.# #Z##...
.# #. #.......# #)# .. #.
####..### #.. #. ...# ....
#. #.# #.... #. # #.≈≈≈≈
#. ..≈o... #. ...._...
..≈#####.


You could see an orc and a wyvern zombie.

Vanquished Creatures
  A water moccasin (D:5)
  A sky beast (D:6)
  An ogre (D:5)
  2 crimson imps
  A hound (D:5)
  A gnoll shaman (D:6)
  A bullfrog skeleton (D:4)
  4 worker ants
  Robin (D:3)
  2 gnolls (D:6)
  6 adders
  2 oozes
  3 worms
  2 dart slugs
  2 leopard geckos
  10 orcs
  2 giant cockroaches
  15 goblins
  12 hobgoblins
  12 jackals
  2 quokkas
  4 bats
  3 frilled lizards
  7 kobolds
  2 leopard gecko skeletons
  A quokka skeleton (D:5)
  10 rats
110 creatures vanquished.

Vanquished Creatures (others)
  2 starspawn tentacles (Abyss:4)
2 creatures vanquished.

Grand Total: 112 creatures vanquished

Notes
Turn   | Place    | Note
-------+----------+-------------------------------------------
     0 | Abyss:1  | Borgoz the Gargoyle Abyssal Knight began the quest for the Orb.
     0 | Abyss:1  | Reached XP level 1. HP: 14/14 MP: 2/2
    72 | Abyss:2  | Found a burning altar of Makhleb.
    94 | Abyss:2  | Noticed an apocalypse crab
    94 | Abyss:2  | Noticed a small abomination
    94 | Abyss:2  | Noticed a chaos spawn
    94 | Abyss:2  | Noticed a smoke demon
   118 | Abyss:4  | Noticed a tentacled starspawn
   129 | D:1      | Escaped the Abyss
   394 | D:1      | Reached * piety under Lugonu
   394 | D:1      | Reached XP level 2. HP: 14/19 MP: 3/3
   418 | D:1      | Reached skill level 1 in Dodging
   568 | D:1      | Reached XP level 3. HP: 21/23 MP: 4/4
   974 | D:2      | Found a sparkling altar of Nemelex Xobeh.
  1106 | D:2      | Reached XP level 4. HP: 19/29 MP: 5/5
  1365 | D:3      | Found a shattered altar of Ashenzari.
  1369 | D:3      | Reached ** piety under Lugonu
  1370 | D:3      | Found a bloodstained altar of Trog.
  1370 | D:3      | Found a hide-covered altar of Uskayaw.
  1370 | D:3      | Found a basalt altar of Yredelemnul.
  1370 | D:3      | Found an opulent altar of Gozag.
  1391 | D:3      | Noticed Robin
  1409 | D:3      | Killed Robin
  1553 | D:3      | Found a glowing golden altar of the Shining One.
  1810 | D:3      | Reached XP level 5. HP: 33/33 MP: 7/7
  2092 | D:4      | Found an iron altar of Okawaru.
  2253 | D:4      | Reached *** piety under Lugonu
  2331 | D:4      | Noticed KlownO's ghost (amateur GrEE)
  2370 | D:4      | Reached XP level 6. HP: 29/38 MP: 8/8
  3092 | D:5      | Entered Level 5 of the Dungeon
  3139 | D:5      | Noticed a water moccasin
  3171 | D:5      | Killed a water moccasin
  3176 | D:5      | Reached XP level 7. HP: 17/44 MP: 9/9
  4301 | D:6      | Found an opulent altar of Gozag.
  4353 | D:6      | HP: 1/44 [wyvern zombie (7)]
  4354 | D:6      | Mangled by a wyvern zombie

Vault maps used:
D:1:      minmay_arrival_pointy
D:2:      nemelex_altar_shiori
D:3:      tso_oasis_becter, grunt_temple_overflow_open, hangedman_decor_growths,
          uniq_robin
D:4:      okawaru_trees_1
D:5:      first_ration, hangedman_decor_push, minmay_misc_feat_roman
D:6:      hangedman_decor_opposing, nicolae_gozag_zags_fifth_avenue
D:7:      kennysheep_little_box, kennysheep_mini_moat,
          nicolae_overflow_hidden_temple, minmay_temple_entry_purple_smoke
Abyss:3:  hangedman_decor_riveting, patterned_corridor, minivault_22,
          evilmike_abyss_exit_mutagenic
Abyss:4:  hangedman_abyss_rune_macabre_mess

Skill      XL: |  1  2  3  4  5  6  7 |
---------------+----------------------+-----
Axes           | 2 3 4 |  4.7
Dodging        | 1 2 |  2.6
Armour         | 3 4 |  4.3
Fighting       | 4 |  4.9
Invocations    | 3 4 |  4.1

Action                   |  1- 3 |  4- 6 |  7- 9 || total
-------------------------+-------+-------+-------++-------
Melee: Hand axe          |    99 |   164 |   228 ||   491
Invok: Depart the Abyss  |     1 |       |       ||     1
       Banish            |       |     1 |       ||     1
  Use: Scroll            |       |     8 |       ||     8
       Potion            |       |       |     2 ||     2
 Stab: Sleeping          |       |     1 |       ||     1
  Eat: Chunk             |     1 |     5 |     2 ||     8
       Ration            |       |       |     1 ||     1
Armor: Leather armour    |    64 |    96 |   108 ||   268
Dodge: Dodged            |   100 |   140 |   127 ||   367

Table legend:
 A = Spawn XP
 B = Non-spawn XP
 C = Spawn XP percentage of total XP
 D = Spawn monster count
 E = Non-spawn monster count
 F = Spawn count percentage of total count
 G = Total turns spent on level
                    A         B        C        D         E        F      G
               +---------+---------+-------+---------+---------+-------+---------
         Total |       0 |    1058 |   0.0 |       0 |     110 |   0.0 |  4354
               +---------+---------+-------+---------+---------+-------+---------
           D:1 |       0 |      40 |   0.0 |       0 |      25 |   0.0 |   597
           D:2 |       0 |      60 |   0.0 |       0 |      21 |   0.0 |   614
           D:3 |       0 |      69 |   0.0 |       0 |      24 |   0.0 |   861
           D:4 |       0 |     173 |   0.0 |       0 |      18 |   0.0 |   891
           D:5 |       0 |     403 |   0.0 |       0 |      10 |   0.0 |   676
           D:6 |       0 |     310 |   0.0 |       0 |      11 |   0.0 |   529
           D:7 |       0 |       3 |   0.0 |       0 |       1 |   0.0 |    57
               +---------+---------+-------+---------+---------+-------+---------
